[Event "Late-Titled-Tuesday-Blitz-June-18-2024"]
[Site "Chess.com"]
[Date "2024.06.18"]
[Round "5"]
[White "KamilaHryshchenko"]
[Black "Orest_Vovk"]
[Result "0-1"]
[WhiteElo "2143"]
[BlackElo "2555"]
[TimeControl "180+1"]
[EndTime "14:57:58 PDT"]
[Termination "Orest_Vovk won on time"]

1. e4 g5 2. d4 g4 3. Nc3 Bg7 4. Be3 d6 5. Qd2 c6 6. O-O-O Qa5 7.
Kb1 b5 8. Nge2 Nd7 9. Ng3 Nb6 10. Nh5 Bf8 11. d5 b4 12. Bd4 f6 13. Ne2 c5 14.
Be3 Nc4 15. Qc1 Nxe3 16. Qxe3 Bh6 17. f4 gxf3 18. Qxf3 Bd7 19. Nef4 O-O-O 20. h3 Bf8 21. g4 Nh6 22. Ne6 Re8 23. Nhf4 Nf7 24. h4 Ne5 25. Qe2 Bh6 26. g5 Bf8 27. h5 fxg5 28. Nxg5 Bh6 29.
Nge6 Kb7 30. Bh3 Bb5 31. Qg2 Rhg8 32. Qf2 Ref8 33. Bf5 Re8 34. Rhg1 Bc4 35. b3 Bb5 36. Bxh7 Rxg1 37. Rxg1 c4 38. Qd4 c3 39. Nd3 Bxd3 40. cxd3 c2+ 41. Kxc2 Qxa2+ 0-1

[Event "Late-Titled-Tuesday-Blitz-June-18-2024"]
[Site "Chess.com"]
[Date "2024.06.18"]
[Round "5"]
[White "KebabJangles"]
[Black "MarceloPlaya"]
[Result "0-1"]
[WhiteElo "2285"]
[BlackElo "2415"]
[TimeControl "180+1"]
[EndTime "14:57:58 PDT"]
[Termination "MarceloPlaya won by resignation"]

1. d4 e6 2. c4 Nf6 3. g3 Bb4+ 4. Nd2 O-O 5. Bg2 d5 6. Nf3 Qe7 7. O-O Rd8 8. Qc2 Nc6 9. e3 Bxd2 10. Bxd2 Ne4 11.
Bc3 Bd7 12. Nd2 Nxc3 13. Qxc3 Be8 14. a3 Rac8 15. b4 Nb8 16. cxd5 exd5 17. Rac1 c6 18. Qc5 Qxc5 19. bxc5 b5 20. Nb3 Nd7 21. Na5 Rc7 22. Rb1 Nf6 23. Rb4 Bd7 24. Rfb1 h5 25. a4 a6 26. axb5 axb5 27. R4b2 Ra7 28. Nb3 Rda8 29. Nd2 Ra2 30. Nf3 Rxb2 31. Rxb2 Ra1+ 32. Bf1 Bh3 33. Nd2 Ne4 34. Rb1 Nxd2 35. Rxa1 Nxf1 36. Ra2 Kf8 37. Rb2 Ke7 38. f3 Kf6 39. Kf2 Nxh2 40. Rb1 Nf1 41. Rd1 g5 42. e4 dxe4 43. fxe4 Ke7 44. d5 Kd7 45. d6 h4 46. gxh4 gxh4 47. Ra1 Nd2 48.
Ra7+ Kd8 49. Rxf7 Nxe4+ 50. Ke3 Nxc5 51. Kd4 Nd7 52. Rh7 c5+ 53. Kd5 Bg2+ 54. Ke6 Nf8+ 55.
Ke5 0-1

[Event "Late-Titled-Tuesday-Blitz-June-18-2024"]
[Site "Chess.com"]
[Date "2024.06.18"]
[Round "5"]
[White "CheckBits"]
[Black "Cuchulin"]
[Result "0-1"]
[WhiteElo "2392"]
[BlackElo "2276"]
[TimeControl "180+1"]
[EndTime "14:57:58 PDT"]
[Termination "Cuchulin won on time"]

1. d4 d5 2. Nf3 Nf6 3. Bf4 Bf5 4. e3 e6 5. c4 Bxb1 6. Rxb1 Bb4+ 7. Ke2 O-O 8. c5 c6 9. Qb3 Qa5 10. a3 Ne4 11. Qxb4 Qa6+ 12. Kd1 Nxf2+ 13. Kc2 b5 14. Bd6 Rd8 15. a4 Nxh1 16. axb5 cxb5 17. Bxb5 Nc6 18. Bxc6 Qe2+ 19. Nd2 Nf2 20. Qc3 Rac8 21. Bb7 Ng4 22. Bxc8 Nxe3+ 23. Kb3 Rxc8 24. Rc1 Nf5 25. Bf4 Qb5+ 26.
Kc2 f6 27. Kb1 a5 28. c6 a4 29. c7 g5 30. Bg3 Qb7 31. Qc6 Qxc6 32. Rxc6 Kf7 33.
Ka2 Ke7 34. Ka3 Kd7 35. Ra6 Nxg3 36. hxg3 Rxc7 0-1

[Event "Late-Titled-Tuesday-Blitz-June-18-2024"]
[Site "Chess.com"]
[Date "2024.06.18"]
[Round "5"]
[White "DenLaz"]
[Black "Durarbayli"]
[Result "1-0"]
[WhiteElo "3100"]
[BlackElo "2949"]
[TimeControl "180+1"]
[EndTime "14:58:00 PDT"]
[Termination "DenLaz won by checkmate"]

1. d4 d5 2. c4 c6 3. Nf3 Nf6 4. e3 Bf5 5. Nc3 e6 6. Nh4 Be4 7. f3 Bg6 8. Bd2 Be7 9. Nxg6 hxg6 10. Qc2 a5 11. h4 a4 12. cxd5 Nxd5 13. Nxd5 exd5 14.
g3 Nd7 15. Kf2 g5 16. h5 g4 17. fxg4 Nf6 18. Bd3 Nxg4+ 19. Kf3 Nf6 20. g4 Qd6 21. Bf5 Rf8 22. Ke2 Nd7 23. Raf1 Bg5 24. a3 b6 25. Bb4 c5 26. dxc5 Nxc5 27. Bc3 Qg3 28. Kd1 g6 29. hxg6 fxg6 30. Bxg6+ Ke7 31.
Bf5 Kd6 32. Kc1 Rae8 33. Kb1 Rxe3 34. Rd1 Bf6 35. Bxf6 Rxf6 36. Qd2 Qe5 37. Rhe1 Rxe1 38. Rxe1 Qg3 39. Qe2 Ne4 40. Bxe4 dxe4 41. Qxe4 Qf4 42. Rd1+ Kc7 43. Qe7+ Kc6 44. Qd7+ Kc5 45. Qd5# 1-0

[Event "Late-Titled-Tuesday-Blitz-June-18-2024"]
[Site "Chess.com"]
[Date "2024.06.18"]
[Round "5"]
[White "Mikhail_Golubev"]
[Black "champ2005"]
[Result "0-1"]
[WhiteElo "2664"]
[BlackElo "3072"]
[TimeControl "180+1"]
[EndTime "14:58:00 PDT"]
[Termination "champ2005 won on time"]

1. e4 c6 2. d4 d5 3. e5 c5 4. dxc5 e6 5. Nf3 Bxc5 6. a3 Ne7 7.
b4 Bb6 8. Bd3 Nbc6 9. O-O O-O 10. b5 Na5 11. Bxh7+ Kxh7 12. Ng5+ Kg6 13. Qg4 f5 14.
Qh4 Rh8 15. Qg3 f4 16. Qg4 Qf8 17. Bxf4 Qf5 18. Qg3 Bd7 19. Nxe6+ Kf7 20. Ng5+ Kg8 21. e6 Bxb5 22. Re1 Nc4 23. Nc3 Bc6 24. Nf7 Rf8 25.
Rab1 Rh5 26. Rxb6 axb6 27. Nh6+ Rxh6 28. Bxh6 Qg6 29. Bg5 Nf5 30. Qf4 Ncd6 31. Qc1 d4 32. e7 Nxe7 33. Na2 Nd5 34. Nb4 Nxb4 35. axb4 Nf5 36. h4 Nxh4 0-1

[Event "Late-Titled-Tuesday-Blitz-June-18-2024"]
[Site "Chess.com"]
[Date "2024.06.18"]
[Round "5"]
[White "pinelone"]
[Black "crazy_but_lazy"]
[Result "0-1"]
[WhiteElo "2466"]
[BlackElo "2648"]
[TimeControl "180+1"]
[EndTime "14:58:00 PDT"]
[Termination "crazy_but_lazy won by resignation"]

1. Nf3 d5 2. d4 c6 3. c4 Nf6 4. cxd5 cxd5 5. Nc3 Nc6 6. Bf4 a6 7. e3 Bg4 8. h3 Bxf3 9. Qxf3 e6 10. Bd3 Bd6 11. O-O O-O 12. Rfc1 Bxf4 13. Qxf4 Rc8 14. Qf3 Qa5 15. Qd1 Qc7 16. a3 Qd6 17. b4 Nd7 18. Na4 Rc7 19. Nc5 Ne7 20. Nxd7 Qxd7 21. Rxc7 Qxc7 22. Rc1 Qd7 23. Rc3 Rc8 24. Qc2 Rxc3 25. Qxc3 g6 26. g3 Nc8 27. Qc5 Nd6 28. Kg2 Kg7 29. h4 h5 30. Qb6 Nc8 31. Qc5 Nd6 32. Qb6 Kf6 33. Qc5 b5 34. Qc3 Nc4 35. e4 Ke7 36. Bxc4 dxc4 37. Kf3 f5 38. Qc2 fxe4+ 39. Qxe4 Qd5 40. Qxd5 exd5 41. Ke3 Kf6 42. f3 Kf5 43. Kd2 g5 44. hxg5 Kxg5 45. Ke3 h4 46. gxh4+ Kxh4 47. Kd2 Kg3 48. Ke3 c3 49. Kd3 Kxf3 50. Kxc3 Ke3 51. a4 bxa4 52. Kb2 Kxd4 53. Ka3 Kc4 54. Kxa4 d4 55. Ka5 d3 0-1

[Event "Late-Titled-Tuesday-Blitz-June-18-2024"]
[Site "Chess.com"]
[Date "2024.06.18"]
[Round "5"]
[White "teresin05"]
[Black "marszach123"]
[Result "1-0"]
[WhiteElo "2270"]
[BlackElo "1924"]
[TimeControl "180+1"]
[EndTime "14:58:00 PDT"]
[Termination "teresin05 won by checkmate"]

1. e4 c5 2. Nf3 Nc6 3. d4 cxd4 4. Nxd4 Nf6 5. Nc3 e5 6. Ndb5 d6 7. Bg5 a6 8. Na3 b5 9. Nd5 Be7 10. Bxf6 Bxf6 11. c3 O-O 12. Nc2 Be6 13. Nce3 Bg5 14. g3 f5 15. exf5 Bxe3 16. Nxe3 Bd7 17. Bg2 Qc7 18. Qd3 Rae8 19. O-O Ne7 20. g4 g6 21. fxg6 Nxg6 22. Nd5 Qc5 23. h3 Be6 24. Rad1 Kh8 25. a3 Bxd5 26. Qxd5 Qxd5 27. Rxd5 Rd8 28. Rfd1 Rf6 29.
R1d2 Kg7 30. Be4 Nf4 31. Rxe5 Rdf8 32. Rg5+ Kh8 33. Kh2 h6 34. Rf5 Rxf5 35. Bxf5 d5 36. Kg3 h5 37. Kxf4 hxg4 38. hxg4 Kg7 39. Rxd5 Rf6 40. g5 Rd6 41. Rxd6 Kg8 42. Rxa6 Kh8 43. Rb6 b4 44. Rxb4 Kg7 45. a4 Kh8 46. a5 Kg7 47. a6 Kh8 48. a7 Kg7 49. a8=Q Kf7 50. Rc4 Ke7 51. b4 Kd6 52. b5 Ke7 53. b6 Kd6 54. b7 Ke7 55. b8=Q Kf7 56. Rc8 Ke7 57. Qab7# 1-0

[Event "Late-Titled-Tuesday-Blitz-June-18-2024"]
[Site "Chess.com"]
[Date "2024.06.18"]
[Round "5"]
[White "Rainbow2014"]
[Black "Rashad_Zeynalli"]
[Result "1-0"]
[WhiteElo "2513"]
[BlackElo "2727"]
[TimeControl "180+1"]
[EndTime "14:58:01 PDT"]
[Termination "Rainbow2014 won by resignation"]

1. e4 e5 2. Nf3 Nc6 3. Bb5 a6 4.
Ba4 Nf6 5. O-O b5 6. Bb3 Bc5 7. Re1 d6 8. a4 Rb8 9. c3 Bg4 10.
h3 Bh5 11. d3 O-O 12. Nbd2 Kh8 13. Nf1 Bg6 14. Ng3 h6 15. Nh4 Ne7 16. Qf3 Kh7 17. Bd2 bxa4 18. Bxa4 Rxb2 19. Be3 Bb6 20. Bxb6 cxb6 21.
Reb1 Rxb1+ 22. Rxb1 b5 23. Bb3 Qa5 24. d4 Rc8 25. Nxg6 fxg6 26. Ne2 Qc7 27. Be6 Rf8 28. Qe3 Qc6 29. Ra1 Nxe4 30. d5 Qc4 31. Rxa6 Rxf2 32. Ng3 Rf4 33. Nxe4 Rxe4 34. Qg3 Qc5+ 35. Kh2 Rf4 36. Ra8 g5 37. Re8 Nxd5 38. Qd3+ e4 39. Qxd5 Qxd5 40. Bxd5 Rf5 41. Bxe4 g6 42. Bxf5 gxf5 43.
Rd8 1-0

[Event "Late-Titled-Tuesday-Blitz-June-18-2024"]
[Site "Chess.com"]
[Date "2024.06.18"]
[Round "5"]
[White "maximnovik"]
[Black "Viktor_Poddubnyi"]
[Result "1-0"]
[WhiteElo "2576"]
[BlackElo "2346"]
[TimeControl "180+1"]
[EndTime "14:58:01 PDT"]
[Termination "maximnovik won on time"]

1. e4 g6 2. d4 Bg7 3. Nf3 d6 4. Bd3 Nc6 5. c3 Nf6 6. O-O e5 7. Re1 O-O 8. h3 Nh5 9. Be3 h6 10. Nbd2 Nf4 11. Bf1 g5 12. Nc4 g4 13. dxe5 gxf3 14.
Bxf4 fxg2 15. Bxg2 dxe5 16. Bg3 Be6 17. Ne3 Qg5 18. Qf3 Ne7 19. h4 Qg6 20. Kh2 f5 21. exf5 Nxf5 22. Nxf5 Rxf5 23. Qxb7 Raf8 24. Re2 Bf6 25.
Be4 Qh5 26. Bxf5 Bxf5 27. Re4 Qf3 28. Rae1 Bxe4 29. Qxe4 Qxe4 30. Rxe4 Re8 31. Kg2 Kf7 32. Rc4 Re7 33. Kf3 Ke6 34. Ke4 Rd7 35. Rc6+ Rd6 36. Rxd6+ cxd6 37. c4 Bd8 38. h5 Bg5 39. f3 Bc1 40. b3 Bd2 41. Bf2 a6 42. Bg3 Bc1 43. f4 exf4 44. Bxf4 1-0

[Event "Late-Titled-Tuesday-Blitz-June-18-2024"]
[Site "Chess.com"]
[Date "2024.06.18"]
[Round "5"]
[White "Adar_07"]
[Black "dennisodessa"]
[Result "1/2-1/2"]
[WhiteElo "2814"]
[BlackElo "2619"]
[TimeControl "180+1"]
[EndTime "14:58:02 PDT"]
[Termination "Game drawn by repetition"]

1. e4 e6 2. d4 d5 3. Nd2 Nf6 4. e5 Nfd7 5. Bd3 c5 6. c3 Nc6 7.
Ne2 Qb6 8. Nf3 cxd4 9. cxd4 Bb4+ 10. Bd2 f6 11. exf6 Nxf6 12. O-O O-O 13. Bxb4 Qxb4 14. Qc2 h6 15. a3 Qd6 16. Rae1 Bd7 17. Nc3 Rac8 18.
Qd2 Ng4 19. Nb5 Qb8 20. h3 Rxf3 21. hxg4 Rf4 22. g5 hxg5 23. g3 Rf6 24. Qxg5 a6 25. Nc3 Nxd4 26. f4 Be8 27. Kg2 Qd6 28. Rh1 Nf5 29. Rh2 Rg6 30. Bxf5 Rxg5 31. Bxe6+ Bf7 32.
Bxf7+ Kxf7 33. fxg5 d4 34. Ne4 Qd5 35. Rh4 Rc2+ 36. Kg1 d3 37. g6+ Kxg6 38. Rg4+ Kh6 39. Rh4+ Kg6 40. Rg4+ Kh5 41. Rh4+ Kg6 1/2-1/2

[Event "Late-Titled-Tuesday-Blitz-June-18-2024"]
[Site "Chess.com"]
[Date "2024.06.18"]
[Round "5"]
[White "merinasian"]
[Black "marvinguevara"]
[Result "1-0"]
[WhiteElo "2400"]
[BlackElo "2153"]
[TimeControl "180+1"]
[EndTime "14:58:04 PDT"]
[Termination "merinasian won on time"]

1. d4 Nf6 2. Nf3 d6 3. g3 g6 4.
Bg2 Bg7 5. O-O O-O 6. b3 Nbd7 7. Bb2 c6 8. c4 Qe8 9. Nc3 e5 10. dxe5 dxe5 11. Ba3 c5 12. Nb5 Qd8 13. Nd2 Qa5 14. Bb2 a6 15. Nd6 Qc7 16. Nxc8 Raxc8 17. Qc2 Rfd8 18.
Rad1 Nf8 19. Nf3 e4 20. Ng5 e3 21. fxe3 Qe7 22. Ne4 Nxe4 23. Bxg7 Kxg7 24. Qxe4 Qxe4 25.
Bxe4 Rxd1 26. Rxd1 Rc7 27. Rd8 Nd7 28. Bd5 b5 29. e4 bxc4 30. Bxc4 a5 31. Ra8 Nf6 32. e5 Ng4 33. e6 fxe6 34. Bxe6 Ne3 35. Rxa5 Nd1 36.
Bc4 Nc3 37. Ra8 Kf6 38. Re8 Kf5 39. a4 Ne4 40. a5 Nd6 41. Bd3+ Kf6 42. Rb8 Ra7 43.
a6 c4 44. Rb6 Ke7 45. Bxc4 Rc7 46. Bd5 Nc8 47. Rb7 Kd6 48. Rxc7 Kxc7 49. Bb7 Na7 50. Kg2 Kb6 51. Kf3 Kc5 52. Kf4 Kb4 53. Kg5 Kxb3 54.
e4 Kc4 55. e5 Kc5 56. Kf6 1-0

[Event "Late-Titled-Tuesday-Blitz-June-18-2024"]
[Site "Chess.com"]
[Date "2024.06.18"]
[Round "5"]
[White "LUISMIGUELOV"]
[Black "JanistanTV"]
[Result "1/2-1/2"]
[WhiteElo "2207"]
[BlackElo "2749"]
[TimeControl "180+1"]
[EndTime "14:58:07 PDT"]
[Termination "Game drawn - insufficient material"]

1. e4 c5 2. d4 cxd4 3. c3 dxc3 4. Nxc3 Nc6 5. Bc4 e6 6. Nf3 Bb4 7. O-O Nge7 8. Bg5 Bxc3 9. bxc3 O-O 10. Qd6 f6 11. Be3 Ng6 12. Rfd1 Qe7 13. Bc5 Qxd6 14. Bxd6 Re8 15. Rd2 b6 16. Rad1 Bb7 17. h4 Rac8 18. h5 Nf8 19. Bxf8 Kxf8 20. Rxd7 Na5 21. Bb5 Re7 22.
Rxe7 Kxe7 23. Rd7+ Kf8 24. h6 gxh6 25. Rxh7 Kg8 26.
Re7 Bxe4 27. Rxe6 Bxf3 28. gxf3 Rxc3 29. Rxf6 Kg7 30. Rd6 Rc5 31. a4 Nb3 32. Rd7+ Kf6 33. Rxa7 Nd4 34. Be8 Nxf3+ 35. Kg2 Nh4+ 36. Kg3 Nf5+ 37.
Kf4 Rc4+ 38. Kf3 Rb4 39. Rb7 Ke5 40. Bb5 Nd4+ 41. Kg2 Nxb5 42. Rxb6 Rxa4 43. Rxb5+ Kf4 44. Rh5 Ra6 45. Rh4+ Kg5 46. Rb4 h5 47. Kg3 Ra3+ 48.
f3 Ra5 49. Rc4 Ra8 50. Rc5+ Kg6 51. Kh4 Ra4+ 52. Kg3 h4+ 53. Kh3 Rf4 54. Rb5 Kf6 55.
Ra5 Rxf3+ 56. Kxh4 Rf5 57. Rxf5+ Kxf5 1/2-1/2

[Event "Late-Titled-Tuesday-Blitz-June-18-2024"]
[Site "Chess.com"]
[Date "2024.06.18"]
[Round "5"]
[White "ChristopherYoo"]
[Black "HansOnTwitch"]
[Result "0-1"]
[WhiteElo "2997"]
[BlackElo "3136"]
[TimeControl "180+1"]
[EndTime "14:58:08 PDT"]
[Termination "HansOnTwitch won by checkmate"]

1. e4 c5 2. Nf3 Nc6 3. b4 cxb4 4. d4 e6 5. Bd3 d5 6. e5 Nge7 7. h4 Nf5 8. Bxf5 exf5 9. Bg5 Be7 10.
Nbd2 O-O 11. Nb3 a5 12. O-O h6 13. Bxe7 Qxe7 14. Re1 b6 15. Qd2 Ba6 16. Qf4 Qe6 17.
h5 Rfc8 18. Rac1 Ne7 19. Re3 Rc6 20. Ne1 Rac8 21. Rg3 Rc3 22. Rxc3 bxc3 23. Rb1 Bc4 24. a4 Qd7 25. Nc1 Qe6 26. Qe3 Ba6 27. Ned3 Bxd3 28. Nxd3 Rc4 29. Nf4 Qc6 30. e6 f6 31. Qg3 Qd6 32. Qe3 Rxa4 33. Ng6 Nxg6 34. hxg6 Kf8 35. Qxc3 Rc4 36. Qe3 Ke7 37. Rb5 a4 38. Qc1 Qc6 39. Qb2 Rxc2 40. Qb4+ Qd6 41. Qxa4 Rc1+ 42. Qd1 Rxd1# 0-1

[Event "Late-Titled-Tuesday-Blitz-June-18-2024"]
[Site "Chess.com"]
[Date "2024.06.18"]
[Round "5"]
[White "sammartin99"]
[Black "GM_dmitrij"]
[Result "0-1"]
[WhiteElo "2385"]
[BlackElo "3038"]
[TimeControl "180+1"]
[EndTime "14:58:08 PDT"]
[Termination "GM_dmitrij won on time"]

1. d4 Nf6 2. c4 e6 3. Nc3 Bb4 4. a3 Bxc3+ 5. bxc3 Nc6 6. f3 b6 7. e4 Ba6 8. Bd3 Na5 9. Qe2 c5 10. Be3 d6 11. Nh3 Nd7 12. O-O Rc8 13. Rac1 O-O 14. f4 Qe7 15. e5 f5 16. a4 Rfd8 17. Ng5 Nf8 18. Nf3 Ng6 19. exd6 Qxd6 20. Ne5 Nxe5 21. fxe5 Qe7 22. g4 cxd4 23. cxd4 Nb3 24. gxf5 Nxd4 25. Bxd4 Rxd4 26. f6 Qc5 27. Rf2 Bb7 28. f7+ Kf8 29. Rcf1 Rcd8 30. Bxh7 Qc6 31. Rf3 Rd2 32. Qe3 Qxc4 33.
Qg5 Bxf3 34. Rxf3 Rd1+ 35. Kg2 R8d2+ 36. Kh3 Qd5 37. Qe7+ Kxe7 38. f8=Q+ Kd7 39. Rf7+ Kc6 40. Qa8+ Kc5 41. Rc7+ Kb4 0-1

[Event "Late-Titled-Tuesday-Blitz-June-18-2024"]
[Site "Chess.com"]
[Date "2024.06.18"]
[Round "5"]
[White "ansko1999"]
[Black "Chempiblinka"]
[Result "1-0"]
[WhiteElo "2599"]
[BlackElo "2376"]
[TimeControl "180+1"]
[EndTime "14:58:08 PDT"]
[Termination "ansko1999 won on time"]

1. b3 Nf6 2. d4 g6 3. e3 Bg7 4. Bb2 O-O 5. Nf3 d6 6. c4 Nbd7 7. Nc3 c6 8. Be2 e5 9. dxe5 Nxe5 10. O-O Qe7 11. Qd2 Bf5 12. Rad1 Rfd8 13. h3 Ne4 14. Nxe4 Bxe4 15. Nd4 c5 16. Nb5 Qg5 17. f3 Bc6 18. Nc7 Rac8 19. Nd5 Qh4 20. f4 Bxd5 21. Qxd5 Nf3+ 22. Bxf3 Bxb2 23. Qxb7 a5 24. Bd5 Qf6 25. g4 Rb8 26. Qa7 a4 27. g5 Qc3 28. Qxf7+ Kh8 29.
Rf3 axb3 30. axb3 Qxb3 31. Rdf1 Rf8 32. Qd7 Rbd8 33. Qg4 Bg7 34. h4 Qd3 35. h5 Qf5 36.
Qxf5 gxf5 37. h6 Bc3 38. Kg2 Bb2 39. Rb1 Rb8 40. Rf2 Bc3 41. Rxb8 Rxb8 42. Ra2 Rb2+ 43. Rxb2 Bxb2 44. Be6 Bc3 45. Bxf5 Kg8 46. Kf3 Bb2 47. Be6+ Kf8 48. f5 Be5 49. f6 Bc3 50. Kf4 Be5+ 51.
Kf5 Bc3 52. g6 hxg6+ 53. Kxg6 d5 54. h7 1-0

[Event "Late-Titled-Tuesday-Blitz-June-18-2024"]
[Site "Chess.com"]
[Date "2024.06.18"]
[Round "5"]
[White "Grischuk"]
[Black "TigrVShlyape"]
[Result "1/2-1/2"]
[WhiteElo "3123"]
[BlackElo "3005"]
[TimeControl "180+1"]
[EndTime "14:58:11 PDT"]
[Termination "Game drawn - insufficient material"]

1. d4 d5 2. Nf3 c6 3. Bf4 Qb6 4. Qc1 Bf5 5. e3 e6 6. Nbd2 Nd7 7. Nh4 Bg6 8. Nxg6 hxg6 9. c4 Ngf6 10. c5 Qa5 11. h3 e5 12. Bh2 exd4 13. exd4 b6 14. cxb6 Qxb6 15. Bd3 Bb4 16. O-O O-O 17. Nf3 Rfe8 18. Qc2 a5 19. Bf4 a4 20. Rac1 Rec8 21.
Be3 Qb7 22. Ne5 c5 23. Nxd7 cxd4 24. Nxf6+ gxf6 25. Qe2 dxe3 26. Qxe3 Kg7 27. Qd4 Bd6 28. Rxc8 Rxc8 29. Qxa4 Ra8 30. Qb3 Qxb3 31. axb3 Rb8 32. Bc2 Rc8 33. Bb1 Be5 34. Rd1 Bxb2 35. Kf1 d4 36.
Ke2 Bc3 37. Bd3 Ra8 38. Bc4 Ra2+ 39. Kf3 f5 40. g4 fxg4+ 41. hxg4 Kf6 42. g5+ Kxg5 43.
Bxf7 Kf6 44. Bc4 Ra1 45. Rxa1 Bxa1 46. b4 Bc3 47. b5 Ba5 48. Ke4 Bb6 49. Bd3 Ke6 50.
f4 Kf6 51. Kf3 Bc7 52. Kg4 Bb6 53. Kf3 Bc7 54. Ke4 g5 55. fxg5+ Kxg5 56. Kxd4 Bb6+ 57. Kd5 Ba7 58. Kc6 Bd4 59. b6 Bxb6 1/2-1/2

[Event "Late-Titled-Tuesday-Blitz-June-18-2024"]
[Site "Chess.com"]
[Date "2024.06.18"]
[Round "5"]
[White "DryCounty"]
[Black "wonderfultime"]
[Result "0-1"]
[WhiteElo "2655"]
[BlackElo "3023"]
[TimeControl "180+1"]
[EndTime "14:58:11 PDT"]
[Termination "wonderfultime won on time"]

1. e4 e5 2. Nf3 Nc6 3. Nc3 Nf6 4. Be2 Bb4 5. Nd5 Be7 6. d3 d6 7. Nxe7 Nxe7 8. O-O Ng6 9. c3 O-O 10. Re1 Re8 11. Bf1 h6 12. h3 b6 13. a4 a5 14.
Nd2 Bb7 15. Nc4 d5 16. exd5 Nxd5 17. d4 exd4 18. Rxe8+ Qxe8 19. Qxd4 Rd8 20. Qg4 Qe1 21. Qe2 Re8 22. Qxe1 Rxe1 23. f3 Ba6 24. b3 Bxc4 25.
bxc4 Nxc3 26. Kf2 Rd1 27. c5 bxc5 28. Bc4 Ne5 29. Be2 Nxe2 30. Kxe2 Rg1 31. Rb1 Nc6 32. Kf2 Rh1 33. Ra1 f6 34. Bb2 Rxa1 35. Bxa1 Kf7 36. Ke3 Ke6 37. Ke4 f5+ 38. Kd3 Ne5+ 39. Kd2 g5 40.
Bc3 Kd5 41. Kc2 Nc6 42. g4 f4 43. Bg7 Nd4+ 44. Kc3 Nxf3 45. Bxh6 c4 46. h4 gxh4 47.
Bxf4 h3 48. g5 Nxg5 0-1

[Event "Late-Titled-Tuesday-Blitz-June-18-2024"]
[Site "Chess.com"]
[Date "2024.06.18"]
[Round "5"]
[White "ncofre98"]
[Black "Millerkallpa"]
[Result "1-0"]
[WhiteElo "2562"]
[BlackElo "2236"]
[TimeControl "180+1"]
[EndTime "14:58:12 PDT"]
[Termination "ncofre98 won on time"]

1. e4 e5 2. Nf3 Nc6 3. Bb5 a6 4. Ba4 Nf6 5. d3 d6 6. c3 g6 7.
Nbd2 Bg7 8. Nf1 O-O 9. Ng3 b5 10. Bc2 h6 11. O-O Be6 12. Re1 Re8 13. a4 b4 14. d4 exd4 15. cxd4 Bg4 16. h3 Bxf3 17.
gxf3 Na5 18. f4 c5 19. d5 Nd7 20. Rb1 c4 21. e5 dxe5 22. f5 Qh4 23. fxg6 fxg6 24.
Bxg6 Rf8 25. Bf5 Nc5 26. Qg4 Qxg4 27. hxg4 Rae8 28. Be3 Nab3 29. Rbd1 Rd8 30. Ne4 Nxe4 31. Bxe4 c3 32. bxc3 bxc3 33. d6 Nd4 34. Rc1 Rxd6 35. Rxc3 Rb8 36. Kg2 Rbd8 37. Rec1 Bf6 38. Rc7 Bg5 39.
Bxg5 hxg5 40. Bh7+ Kf8 41. Rh1 R8d7 42. Rc8+ Kg7 43.
Be4 Rd8 44. Rh7+ Kf6 45. Rcc7 1-0

[Event "Late-Titled-Tuesday-Blitz-June-18-2024"]
[Site "Chess.com"]
[Date "2024.06.18"]
[Round "5"]
[White "10n0l20"]
[Black "HamedWafa4"]
[Result "1/2-1/2"]
[WhiteElo "2480"]
[BlackElo "2654"]
[TimeControl "180+1"]
[EndTime "14:58:17 PDT"]
[Termination "Game drawn by repetition"]

1. e4 e5 2. Nf3 Nc6 3. Bb5 a6 4.
Ba4 Nf6 5. O-O Nxe4 6. Re1 Nc5 7.
Bxc6 dxc6 8. Nxe5 Be7 9. d4 Ne6 10. c3 O-O 11. Be3 Re8 12. Nd2 c5 13. Ndf3 cxd4 14.
cxd4 c6 15. Qb3 a5 16. a4 Bb4 17. Red1 f6 18. Nd3 Bf8 19. Nc5 Kh8 20. Rac1 b6 21. Ne4 Nc7 22. d5 Rxe4 23. Bxb6 Rb4 24. Qe3 Rb8 25.
Bxa5 Rb3 26. Qf4 Nxd5 27. Qxb8 Rxb8 28. Bxd8 Rxb2 29. Rxc6 Bd7 30. Rcc1 Nf4 31. Rb1 Bxa4 32. Rxb2 Bxd1 33. Bc7 Ne6 34. Rb8 Bxf3 35. gxf3 Kg8 36. Bd6 Kf7 37. Bxf8 Nxf8 38. Kg2 Ne6 39. Kg3 g5 40. h4 gxh4+ 41. Kxh4 Kg6 42. Rb6 Nf4 43. Kg3 Ne2+ 44. Kg4 h5+ 45. Kh4 Nd4 46. Kg3 Ne2+ 47.
Kh2 Kg5 48. Rb5+ f5 49. Rb2 Nd4 50. Kg2 h4 51. Rb4 Ne2 52. Rb8 Nf4+ 53. Kh2 Nd3 54. Kg2 Ne1+ 55. Kh3 Nxf3 56. Rg8+ Kf4 57. Kg2 Ne1+ 58.
Kh3 Nf3 59. Rf8 Kg5 60. Rg8+ Kf4 1/2-1/2

[Event "Late-Titled-Tuesday-Blitz-June-18-2024"]
[Site "Chess.com"]
[Date "2024.06.18"]
[Round "5"]
[White "Matalon"]
[Black "arctic_t00"]
[Result "1-0"]
[WhiteElo "2503"]
[BlackElo "2720"]
[TimeControl "180+1"]
[EndTime "14:58:18 PDT"]
[Termination "Matalon won by resignation"]

1. e4 e5 2. Nf3 Nc6 3. Bb5 a6 4. Ba4 d6 5. Bxc6+ bxc6 6. d4 exd4 7. Nxd4 Bb7 8. O-O c5 9. Nf5 g6 10. Ng3 Bg7 11. Nc3 Ne7 12. Bf4 O-O 13. Qd2 Re8 14. Bh6 Bh8 15. f4 Nc6 16. Kh1 Nd4 17. f5 Be5 18. Rae1 Qh4 19. Bf4 Bf6 20. Nd5 Bxd5 21.
exd5 Nxf5 22. Nxf5 gxf5 23. g3 Qg4 24. Qd3 a5 25. b3 Kg7 26. Kg2 Qg6 27. Bd2 Rxe1 28. Bxe1 Re8 29. Bxa5 Re5 30. Bc3 Re4 31. Bxf6+ Qxf6 32. Qxe4 fxe4 33. Rxf6 Kxf6 34. a4 Ke5 35. c4 Kd4 36.
Kf2 Kd3 37. Ke1 Kc3 38. a5 Kxb3 39. a6 Kxc4 40. a7 Kxd5 41. a8=Q+ Kd4 42. Qc6 d5 43. Qxc7 c4 44. Qxf7 c3 45. Qf6+ Kd3 46. Qe5 d4 47. Qb5+ Kc2 48. Qe2+ Kb3 49. Qxe4 c2 50. Kd2 Kb2 51.
Qxc2+ 1-0

[Event "Late-Titled-Tuesday-Blitz-June-18-2024"]
[Site "Chess.com"]
[Date "2024.06.18"]
[Round "5"]
[White "azikom"]
[Black "Romkachess"]
[Result "1-0"]
[WhiteElo "2686"]
[BlackElo "2496"]
[TimeControl "180+1"]
[EndTime "14:58:19 PDT"]
[Termination "azikom won by resignation"]

1. c4 Nf6 2. Nc3 e5 3. Nf3 Nc6 4.
e4 Bb4 5. d3 d6 6. Be2 h6 7.
O-O O-O 8. Nd5 Nxd5 9. cxd5 Ne7 10. d4 Ng6 11. a3 Ba5 12. dxe5 dxe5 13. Qb3 Bb6 14.
Rd1 Bg4 15. h3 Bxf3 16. Bxf3 Nf4 17. Be3 Qg5 18. Kh2 Qf6 19. Rac1 Qd6 20. g3 Ng6 21. Bg4 Ne7 22. Bxb6 axb6 23. Qb4 f5 24. Qxd6 cxd6 25. exf5 Nxf5 26. Rc7 Nd4 27. Kg2 Rf7 28. Rxf7 Kxf7 29. Rc1 Re8 30. Bh5+ g6 31. Rc7+ Kf6 32. Bg4 Re7 33. Rc8 h5 34. Bd1 Nf5 35. g4 hxg4 36. hxg4 Nd4 37. Rd8 e4 38. Rxd6+ Ke5 39. Rxg6 Kxd5 40.
Rxb6 Kc5 41. Rf6 e3 42. fxe3 Rxe3 43. Rf2 Re1 44. Bf3 b5 45. Kg3 Ne6 46. Bg2 Re3+ 47. Kh4 Nd4 48. g5 Re5 49. Kg4 Ne6 50. Rf5 Kd4 51.
Rxe5 Kxe5 52. Bf1 b4 53. axb4 Nd4 54. b5 Ne6 55. b6 Nc5 56. Bg2 1-0

[Event "Late-Titled-Tuesday-Blitz-June-18-2024"]
[Site "Chess.com"]
[Date "2024.06.18"]
[Round "5"]
[White "DeArron_Fox"]
[Black "romulocardoso"]
[Result "1-0"]
[WhiteElo "2453"]
[BlackElo "2318"]
[TimeControl "180+1"]
[EndTime "14:58:20 PDT"]
[Termination "DeArron_Fox won by checkmate"]

1. d4 Nf6 2. c4 g6 3. Nc3 Bg7 4. e4 d6 5. f3 O-O 6. Be3 e5 7. Nge2 Ne8 8. Qd2 f5 9. O-O-O fxe4 10. Nxe4 Qe7 11. d5 Bf5 12. N2c3 Nf6 13. Bd3 Nxe4 14. Bxe4 Nd7 15. h4 Nb6 16. b3 a5 17. a4 Nd7 18. h5 Nc5 19. Kb2 Ra6 20. hxg6 hxg6 21. Ka2 Rb6 22. Bxc5 dxc5 23. Bxf5 Rxf5 24. Ne4 Rb4 25. Qd3 Qd7 26. d6 cxd6 27. Qxd6 Qxd6 28. Rxd6 Bf8 29. Rxg6+ Kf7 30. Rg4 Rf4 31. Rh7+ Ke6 32. Rxf4 exf4 33. Kb2 Be7 34. Kc2 Rb6 35. Rh6+ Kf5 36.
Rxb6 Bd8 37. Rxb7 Ke5 38. Rb5 Kd4 39. Rxc5 Be7 40. Rd5+ Ke3 41. Rd3+ Ke2 42. Nc3+ Kf2 43. Rd2+ Kg3 44. Nd5 Bb4 45. Nxb4 Kh4 46. c5 Kg3 47. c6 Kh2 48. c7 Kg1 49. c8=Q Kf1 50. Qh3 Kg1 51.
Rd1+ Kf2 52. Nd3+ Ke3 53. Qe6+ Kd4 54. Qc4+ Ke3 55. Qe4# 1-0